Unix NetHack Version 5.0.0-0 post-release - last build May 10 2026 23:12:36 (d1fa5d53e341ca933230fdaa984d921c805b60aa,branch:main).

Game began 2026-05-11 08:41:14, ended 2026-05-11 09:10:18.

GdeVolpiano, lawful female human Archeologist

                |.-
               --<|
               -.^|
        --- ---...-
       --.---......|
       |...........
       |..........#
       --.........#
        |.^.......#
       --......*..#
    ----..)h---.---
    |....)@-- ---
  ---^...[.|
  |.....)..|
  |..--..---
  --------
GdeVolpiano the Field Worker  St:12 Dx:10 Co:12 In:16 Wi:16 Ch:9  Lawful
Dlvl:4  $:19 HP:0(31) Pw:20(20) AC:8  Xp:4 T:1319 

Latest messages:
 Indy picks up a pair of hard shoes.
 You find a squeaky board.
 The gnome hits!
 You hit the gnome.
 You kill the gnome!
 You decipher the label on your scroll labeled GHOTI.
 x - a scroll of teleportation.
 y - a partly used candle (lit).
 What do you want to use or apply? [eg-iuvy or ?*]
 You snuff out your candle.
 There is a gnome corpse here; eat it? [ynq] (n)
 This gnome corpse is tough.
 You hear some noises.
 You hear some noises in the distance.
 You finish eating the gnome corpse.
 You see here a dagger.
 You see here a pair of hard shoes.
 You hit the homunculus!
 The homunculus bites!
 You are put to sleep by the homunculus!
 The homunculus bites!
 The homunculus bites!
 The homunculus bites!
 The combat suddenly awakens you.
 You hit the homunculus.
 The homunculus bites!
 You hear crashing rock.
 You kill the homunculus!
 The gnome hits!
 You kill the gnome!
 z - a violet gem.
 A - a white gem.
 What do you want to use or apply? [eg-iuvy or ?*]
 What do you want to rub on the stone? [$zA or ?*]
 z - a worthless piece of violet glass.
 What do you want to drop? [$c-eg-imnqrt-zA or ?*]
 You drop a worthless piece of violet glass.
 What do you want to use or apply? [eg-iuvy or ?*]
 What do you want to rub on the stone? [$A or ?*]
 A - a dilithium crystal.
 The dwarf wields a broad short sword!
 You hit the dwarf.
 The dwarf thrusts his broad short sword.
 The dwarf hits!
 You hear crashing rock.
 You are hit by a stout spear.
 The dwarf thrusts his broad short sword.
 The dwarf hits!
 You die...
 Do you want your possessions identified? [ynq] (y)

Inventory:
 Coins    ('$')
  $ - 19 gold pieces
 Armor    ('[')
  c - an uncursed +0 fedora (being worn)
  r - an uncursed +0 pair of iron shoes (being worn)
 Comestibles  ('%')
  d - 4 uncursed food rations
  t - an uncursed pear
  n - a cursed rotten tin of goblin meat
  q - 2 uncursed lichen corpses
 Scrolls  ('?')
  m - an uncursed scroll of light
  x - an uncursed scroll of teleportation
 Wands    ('/')
  i - a wand of light (0:14)
 Tools    ('(')
  v - an empty uncursed bag of holding
  h - an empty uncursed sack
  e - a +0 pick-axe (weapon in right hand)
  u - an uncursed tallow candle
  y - an uncursed partly used tallow candle
 Gems/Stones  ('*')
  A - an uncursed dilithium crystal
  w - an uncursed sapphire
  g - an uncursed touchstone

GdeVolpiano the Archeologist's attributes:

Background:
 You were a Field Worker, a level 4 female human Archeologist.
 You were lawful, nominally on a mission for Quetzalcoatl
 who was opposed by Camaxtli (neutral) and Huhetotl (chaotic).
 You were right-handed.
 You were in the Gnomish Mines, on level 4.
 You entered the dungeon 1319 turns ago.
 You had 150 experience points, 10 more were needed to attain level 5.

Basics:
 You had 0 out of 31 hit points.
 You had all 20 energy points (spell power).
 Your armor class was 8.
 Your wallet contained 19 zorkmids.
 Autopickup was off.

Final Characteristics:
 Your strength was 12 (limit:18/100).
 Your dexterity was 10 (limit:18).
 Your constitution was 12 (limit:18).
 Your intelligence was 16 (limit:18).
 Your wisdom was 16 (limit:18).
 Your charisma was 9 (limit:18).

Final Status:
 You weren't hungry.
 You were unencumbered.
 You were wielding a pick-axe.
 You had basic skill with pick-axe.

Final Attributes:
 You were devoutly aligned.
 You had automatic searching.
 You were lucky.
 You are dead.

Miscellaneous:
 You didn't encounter any bones levels.
 Total elapsed playing time was 28 minutes and 52 seconds.

Major events:
 Turn
    1: GdeVolpiano the lawful female human Archeologist entered the dungeon
  528: entered the Gnomish Mines
  557: attained the rank of Field Worker (level 3)
 1319: killed by a dwarf

You didn't know any spells.

Skills:
 Fighting Skills
   bare handed combat [Unskilled]
   two weapon combat  [Unskilled]
   riding             [Unskilled]
 Weapon Skills
   dagger             [Unskilled]
   knife              [Unskilled]
   pick-axe           [Basic]
   short sword        [Unskilled]
   saber              [Unskilled]
   club               [Unskilled]
   quarterstaff       [Unskilled]
   sling              [Unskilled]
   dart               [Unskilled]
   boomerang          [Unskilled]
   whip               [Basic]
   unicorn horn       [Unskilled]
 Spellcasting Skills
   attack spells      [Unskilled]
   healing spells     [Unskilled]
   divination spells  [Unskilled]
   matter spells      [Unskilled]

Voluntary challenges:
 Character rerolling was not enabled.
 You were an atheist.
 You never genocided any monsters.
 You never polymorphed an object.
 You never changed form.
 You used no wishes.
Achievements:
 You entered a shop.
 You entered the Gnomish Mines.
 You attained the rank of Field Worker.

 The Dungeons of Doom: levels 1 to 3
    Level 1:
    Level 2:
       An armor shop.
       Stairs down to The Gnomish Mines.
    Level 3:
 The Gnomish Mines: levels 3 to 4
    Level 3:
    Level 4: <- You were here.
       Final resting place for
          you, killed by a dwarf.


Vanquished creatures:
  2 gnome leaders
  a gnomish wizard
  2 dwarves
  a homunculus
  2 orc zombies
 an iguana
  a hobbit
  4 giant rats
  2 cave spiders
 13 gnomes
  5 jackals
  a kobold
  a goblin
  a sewer rat
  4 grid bugs
  2 lichens
  7 newts
50 creatures vanquished.

No species were genocided or became extinct.

Game over:
                       ----------
                      /          \
                     /    REST    \
                    /      IN      \
                   /     PEACE      \
                  /                  \
                  |   GdeVolpiano    |
                  |      19 Au       |
                  |   killed by a    |
                  |      dwarf       |
                  |                  |
                  |                  |
                  |       2026       |
                 *|     *  *  *      | *
        _________)/\\_//(\/(/\)/\//\/|_)_______

Goodbye GdeVolpiano the Archeologist...

You died in The Gnomish Mines on dungeon level 4 with 778 points,
and 19 pieces of gold, after 1319 moves.
You were level 4 with a maximum of 31 hit points when you died.

